Map: Prion Terraces

Players

LiquidTLO (TLO) - Winner!

  • Race: Zerg Zerg
  • League: Master

Probe

  • Race: Protoss Protoss
  • League: Master

Event: DreamHack ZOWIE Open Leipzig

VOD

https://www.youtube.com/watch?v=4stLmtYk1Zk

Description

Time

  • Played on: Jan. 22, 2016, 8:26 a.m.
  • Length: 10:36

All games in this series

Show
View Real Time Build Order
Export as new Build Order

LiquidTLO Zerg - Winner!

Build Orders: Hatch First, Lurkers 

Get SALT Encoding   

  12  0:01  Drone  
  13  0:12  Overlord  
  13  0:17  Drone  
  14  0:32  Drone x2  
  14  0:34  Drone  
  17  0:53  Hatchery  
  17  0:55  Drone  
  17  1:01  Drone  
  18  1:13  Spawning Pool  
  18  1:18  Drone  
  18  1:36  Extractor  
  17  1:41  Hatchery  
  17  1:42  Drone  
  17  1:49  Drone  
  18  1:56  Extractor  
  18  1:59  Queen  
  20  2:07  Queen  
  22  2:12  Zergling x2  
  22  2:15  Zergling x2  
  24  2:17  Extractor  
  24  2:20  Overlord  
  25  2:22  Drone  
  25  2:26  Drone  
  25  2:29  Drone  
  27  2:30  Drone  
  27  2:36  Extractor  
  28  2:39  Drone x2  
  28  2:43  Queen  
  32  2:49  Extractor  
  32  2:50  Drone  
  32  2:51  Overlord  
  32  2:56  Zergling x2  
  32  2:57  Zergling x2  
  32  2:58  Extractor  
  34  3:02  Zergling x2  
  35  3:05  Roach Warren  
  34  3:17  Overlord, Extractor  
  34  3:18  Drone  
  34  3:19  Drone, Queen  
  37  3:20  Drone  
  37  3:22  Drone  
  39  3:28  Drone x2  
  39  3:30  Drone x2  
  39  3:31  Drone  
  45  3:38  Queen  
  45  3:41  Drone  
  47  3:42  Drone  
  47  3:46  Drone x2  
  50  3:49  Overlord  
  50  3:51  Drone  
  50  3:53  Drone x2  
  53  3:59  Drone  
  53  4:00  Overlord  
  54  4:03  Lair  
  54  4:05  Drone  
  54  4:08  Extractor  
  54  4:09  Extractor x2  
  52  4:10  Drone x2  
  52  4:14  Drone x2  
  56  4:17  Drone  
  56  4:18  Drone  
  56  4:20  Drone  
  56  4:21  Drone  
  56  4:23  Drone x2, Spore Crawler  
  61  4:26  Drone  
  61  4:29  Drone  
  61  4:30  Evolution Chamber  
  61  4:31  Roach  
  64  4:33  Roach  
  64  4:34  Extractor x2  
  64  4:36  Roach  
  68  4:38  Roach  
  68  4:40  Drone x2  
  68  4:45  Overlord  
  70  4:47  Overlord  
  70  4:54  Overlord  
  70  4:58  Zerg Missile Weapons Level 1  
  70  5:02  Overlord  
  70  5:03  Drone  
  70  5:04  Drone x2  
  70  5:05  Drone, Hydralisk Den  
  70  5:06  Drone  
  74  5:08  Drone  
  74  5:09  Drone  
  74  5:11  Drone  
  77  5:14  Drone  
  77  5:15  Drone  
  79  5:21  Drone x2  
  79  5:22  Drone  
  79  5:25  Drone x3  
  79  5:27  Drone  
  86  5:30  Overlord  
  86  5:33  Lurker Den  
  86  5:37  Glial Reconstitution  
  86  5:48  Drone, Hydralisk  
  86  5:49  Hydralisk  
  91  5:54  Hydralisk x2  
  95  5:57  Spore Crawler  
  95  5:58  Overlord  
  95  5:59  Hatchery  
  95  6:01  Overlord  
  95  6:02  Metabolic Boost  
  94  6:06  Spore Crawler  
  94  6:08  Overlord  
  94  6:10  Drone x2  
  94  6:14  Overlord, Hydralisk  
  94  6:15  Hydralisk  
  94  6:17  Overlord  
  94  6:20  Overlord  
  94  6:22  Hydralisk  
  94  6:23  Overlord  
  94  6:25  Overlord  
  94  6:38  Drone x2  
  94  6:43  Hydralisk x2  
  98  6:47  Drone x4  
  98  6:48  Hydralisk  
  98  6:49  Hydralisk  
  106  6:55  Hydralisk  
  106  6:56  Hydralisk x2  
  106  6:57  Hydralisk  
  114  7:07  Muscular Augments  
  114  7:09  Hydralisk  
  114  7:11  Lurker x6  
  114  7:13  Hydralisk x3  
  114  7:15  Hydralisk  
  130  7:17  Zergling x2  
  130  7:18  Drone x2  
  130  7:19  Spore Crawler  
  130  7:20  Hydralisk  
  134  7:24  Roach x2  
  134  7:26  Roach  
  134  7:27  Roach  
  144  7:30  Roach x2  
  144  7:32  Overseer  
  144  7:33  Roach  
  144  7:34  Roach  
  144  7:36  Roach  
  152  7:37  Roach  
  152  7:38  Roach  
  152  7:43  Zergling x2  
  157  7:45  Zergling x4  
  157  7:48  Hydralisk, Roach  
  157  7:49  Hydralisk  
  157  7:50  Roach  
  165  7:52  Roach  
  165  7:55  Overlord x2  
  166  8:02  Zerg Missile Weapons Level 2, Extractor  
  166  8:03  Extractor  
  164  8:06  Roach  
  164  8:08  Overlord  
  164  8:10  Overlord  
  164  8:12  Infestation Pit  
  165  8:14  Evolution Chamber, Lurker  
  165  8:16  Roach x2  
  165  8:17  Roach  
  167  8:22  Hydralisk x2  
  156  8:27  Hydralisk  
  156  8:28  Hydralisk  
  133  8:35  Hydralisk x2  
  133  8:37  Roach  
  133  8:39  Roach  
  133  8:41  Roach  
  141  8:43  Roach x2  
  141  8:45  Roach  
  141  8:46  Roach  
  141  8:48  Roach  
  134  8:50  Hydralisk  
  134  8:53  Roach  
  134  8:55  Roach  
  134  8:56  Roach  
  134  8:59  Roach x2  
  132  9:06  Hydralisk  
  132  9:07  Roach  
  132  9:08  Roach x2  
  132  9:11  Roach  
  132  9:13  Drone, Roach  
  132  9:16  Roach x3  
  141  9:20  Zergling x2  
  141  9:22  Zergling x2  
  141  9:23  Zergling x10  
  148  9:25  Zergling x4  
  150  9:32  Spine Crawler  
  150  9:33  Spine Crawler  
  150  9:36  Pathogen Glands  
  148  9:39  Pneumatized Carapace  
  148  9:40  Overseer  
  148  9:41  Hatchery, Overseer  
  148  9:44  Hydralisk  
  149  9:46  Hydralisk  
  151  9:54  Hydralisk  
  151  9:57  Roach  
  151  9:58  Roach x2  
  159  10:03  Hydralisk  
  159  10:05  Hydralisk  
  159  10:06  Hydralisk x2  
  160  10:10  Hydralisk  
Show
View Real Time Build Order
Export as new Build Order

Probe Protoss 

Build Orders: 1 Gate Expand 

Get SALT Encoding   

  12  0:01  Probe (Chrono Boost)  
  13  0:11  Probe (Chrono Boost)  
  14  0:21  Pylon  
  14  0:25  Probe (Chrono Boost)  
  15  0:39  Probe (Chrono Boost)  
  15  0:42  Gateway  
  16  0:49  Probe (Chrono Boost), Assimilator  
  17  1:00  Probe (Chrono Boost)  
  18  1:11  Probe (Chrono Boost)  
  19  1:21  Probe (Chrono Boost)  
  20  1:29  Nexus  
  20  1:32  Probe (Chrono Boost)  
  21  1:39  Cybernetics Core  
  21  1:43  Probe (Chrono Boost)  
  22  1:49  Pylon  
  22  1:54  Probe (Chrono Boost)  
  23  2:08  Probe (Chrono Boost)  
  24  2:17  Adept (Chrono Boost), Warp Gate  
  24  2:18  Probe  
  27  2:25  Assimilator  
  27  2:31  Probe (Chrono Boost)  
  28  2:43  Mothership Core (Chrono Boost)  
  30  2:45  Probe (Chrono Boost)  
  31  2:56  Stalker, Probe (Chrono Boost)  
  31  2:58  Gateway  
  34  2:59  Gateway  
  34  3:01  Probe (Chrono Boost)  
  35  3:06  Probe (Chrono Boost)  
  36  3:13  Probe (Chrono Boost)  
  36  3:17  Probe (Chrono Boost)  
  38  3:23  Stargate  
  38  3:24  Probe (Chrono Boost)  
  39  3:28  Probe (Chrono Boost)  
  40  3:34  Probe (Chrono Boost), Assimilator  
  40  3:38  Probe (Chrono Boost)  
  40  3:41  Pylon  
  42  3:45  Probe (Chrono Boost)  
  43  3:49  Probe (Chrono Boost)  
  45  3:55  Probe (Chrono Boost)  
  45  3:58  Forge  
  45  3:59  Probe (Chrono Boost)  
  45  4:01  Pylon  
  46  4:06  Probe (Chrono Boost), Phoenix (Chrono Boost)  
  46  4:08  Probe  
  49  4:12  Assimilator  
  50  4:18  Probe  
  50  4:19  Probe  
  52  4:26  Phoenix (Chrono Boost)  
  52  4:27  Sentry  
  52  4:28  Protoss Ground Weapons Level 1 (Chrono Boost)  
  52  4:30  Probe  
  57  4:34  Nexus  
  57  4:38  Pylon  
  57  4:44  Pylon  
  57  4:46  Phoenix  
  57  4:50  Probe  
  60  5:04  Robotics Facility  
  60  5:06  Twilight Council  
  60  5:08  Phoenix  
  62  5:14  Pylon  
  62  5:15  Sentry  
  62  5:16  Adept  
  62  5:18  Probe x2  
  68  5:25  Pylon  
  68  5:31  Phoenix  
  68  5:35  Charge (Chrono Boost)  
  72  5:41  Gateway x2  
  70  5:48  Adept x2  
  74  5:52  Probe x2  
  74  5:54  Probe  
  77  5:57  Observer (Chrono Boost)  
  78  6:04  Probe  
  78  6:05  Probe  
  78  6:07  Probe  
  81  6:16  Probe  
  81  6:17  Probe  
  83  6:19  Probe  
  83  6:23  Immortal (Chrono Boost), Adept x2  
  83  6:24  Adept  
  94  6:32  Gateway  
  94  6:33  Gateway  
  90  6:40  Zealot  
  90  6:44  Pylon  
  90  6:45  Pylon  
  90  6:46  Gateway  
  88  6:49  Gateway x2, Protoss Ground Weapons Level 2  
  88  6:54  Pylon  
  88  6:56  Pylon  
  88  6:57  Immortal (Chrono Boost)  
  88  6:59  Zealot x2  
  98  7:10  Zealot x3  
  102  7:16  Templar Archives  
  102  7:32  Zealot x7  
  116  7:42  Phoenix  
  122  7:44  Immortal (Chrono Boost), Pylon  
  122  7:47  Photon Cannon  
  122  7:49  Robotics Bay  
  120  7:54  High Templar  
  120  7:55  Zealot x3  
  128  7:59  Zealot, High Templar  
  128  8:03  Archon  
  132  8:07  Zealot x2  
  132  8:08  Zealot x2  
  140  8:18  Observer (Chrono Boost)  
  121  8:34  Zealot x6  
  110  8:37  Observer (Chrono Boost)  
  110  8:38  Robotics Facility  
  84  8:49  Zealot x4  
  89  8:55  Observer (Chrono Boost)  
  81  9:03  Zealot  
  81  9:06  Mothership Core  
  81  9:08  Zealot x5  
  87  9:15  Disruptor (Chrono Boost)  
  90  9:19  High Templar  
  90  9:20  High Templar  
  94  9:24  Zealot x3  
  94  9:26  Nexus  
  94  9:27  Pylon  
  100  9:33  Disruptor (Chrono Boost)  
  103  9:38  Assimilator  
  103  9:40  Zealot  
  103  9:41  Zealot x4  
  103  9:42  Assimilator  
  113  9:46  Archon  
  113  9:53  Disruptor (Chrono Boost)  
  113  9:56  Zealot x3  
  122  10:02  Zealot x3  
  123  10:13  Zealot x4  
  72  10:30  Zealot x4  
  72  10:31  Zealot  
  72  10:32  Zealot  

Tags
 
Add a new tag
Caveats
  • Supply blocks, unpowered buildings, or Contaminate may cause inaccurate times.
  • Supply counts are checked every 10 seconds.